 Dungeon Crawl Stone Soup version 0.24.0-123-gd5b16e6ec5 (webtiles) character file.

Game seed: 10848453779973635655, levelgen mode: deterministic

1173 Curus the Spear-Bearer (level 8, -3/62 HPs)
             Began as a Minotaur Gladiator on Jan 28, 2020.
             Was an Initiate of Makhleb.
             Slain by a centaur (5 damage)
             ... on level 5 of the Dungeon.
             The game lasted 00:21:11 (3485 turns).

Curus the Spear-Bearer (Minotaur Gladiator)         Turns: 3485, Time: 00:21:11

Health: -3/62      AC:  6    Str: 20    XL:     8   Next: 18%
Magic:  0/7        EV: 12    Int:  7    God:    Makhleb [......]
Gold:   116        SH:  0    Dex: 11    Spells: 7/7 levels left

rFire    . . .     SeeInvis .   a - +1 trident
rCold    . . .     Gourm    .   (no shield)
rNeg     . . .     Faith    .   l - +2 leather armour {rPois}
rPois    +         Spirit   +   c - +0 hat
rElec    .         Reflect  .   n - scarf {Spirit}
rCorr    +         Harm     .   (no gloves)
MR       .....                  e - +0 pair of boots
Stlth    +.........             (no amulet)
HPRegen  0.20/turn              o - ring of resist corrosion
MPRegen  0.10/turn              (no ring)

@: about to teleport
A: retaliatory headbutt, horns 2
a: Renounce Religion


You were on level 5 of the Dungeon.
You worshipped Makhleb.
Makhleb was noncommittal.
You were not hungry.

You visited 1 branch of the dungeon, and saw 5 of its levels.

You collected 316 gold pieces.
You spent 200 gold pieces at shops.

Inventory:

Hand Weapons
 a - a +1 trident (weapon)
Missiles
 d - 3 throwing nets (quivered)
Armour
 b - a +0 leather armour
 c - a +0 hat (worn)
 e - a +0 pair of boots (worn)
 l - a +2 leather armour of poison resistance (worn)
 n - a scarf of spirit shield (worn)
Jewellery
 o - a ring of resist corrosion (left hand)
Wands
 h - a wand of paralysis (5)
 m - a wand of iceblast (13)
Scrolls
 g - 7 scrolls of identify
 i - a scroll of teleportation
 j - 5 scrolls of remove curse
Comestibles
 f - 9 rations
 k - a chunk of flesh


   Skills:
 - Level 2.4 Fighting
 + Level 11.9 Polearms
 - Level 2.0 Throwing
 - Level 3.2 Dodging


You had 7 spell levels left.
You didn't know any spells.
Your spell library was empty.

Dungeon Overview and Level Annotations

Branches:
Dungeon (5/15)             Temple (0/1) D:4

Altars:
Hepliaklqana
Makhleb
Trog
Uskayaw
Yredelemnul
Zin

Shops:
D:4 *

Annotations:
D:5 1 runed translucent door, Crazy Yiuf


Innate Abilities, Weirdness & Mutations

You reflexively headbutt those who attack you in melee.
You have a pair of horns on your head.


Message History

The centaur hits you!
* * * LOW HITPOINT WARNING * * *
As you read the scroll of teleportation, it crumbles to dust.
You feel strangely unstable. The centaur closely misses you.
Something hits you but does no damage.
You hit the centaur.
The centaur is moderately wounded.
The centaur hits you.
* * * LOW HITPOINT WARNING * * *
The crimson imp laughs crazily.
The crimson imp blinks!
Something hits you.
* * * LOW HITPOINT WARNING * * *
Something shocks you.
* * * LOW HITPOINT WARNING * * *
You closely miss something. The centaur barely misses you.
Something hits you but does no damage.
You miss something. You headbutt something! The centaur hits you.
* * * LOW HITPOINT WARNING * * *
You miss something. The centaur hits you.
You die...

# #.#............##.# #
#.#########.....#.#
###.########........# ##
>...............>...# #.
###.############################.
....# .....#.....#..^..##. ##..#
....#.....#.....#.. ....#
#c.#..#).#..#..#.. #.#.#
#@.#..#..#..#..#.. ....#
#.(...#.....#..##. #.#.#
#.....#.....#..##.
....########################..##.
#.#...........................###
..............................#
#...#.######################..#
......## ...lc#.....#....a#..# #
.......##......#.....#.....#..###


You could see a centaur.

Vanquished Creatures
  Sigmund (D:2)
  2 howler monkeys
  6 crimson imps (D:5)
  2 hounds
  3 orc priests (D:4)
  A centaur skeleton (D:5)
  5 orc wizards
  A gnoll shaman (D:4)
  Ijyb (D:5)
  An iguana (D:5)
  5 worker ants
  2 hound skeletons (D:5)
  5 adders
  4 gnolls (D:4)
  An ooze (D:4)
  2 worms
  5 dart slugs
  8 leopard geckos
  11 orcs
  A ball python (D:1)
  6 giant cockroaches
  7 goblins
  5 hobgoblins
  2 quokkas
  8 bats
  3 frilled lizards
  6 kobolds
  7 rats
111 creatures vanquished.

Notes
Turn   | Place    | Note
-------+----------+-------------------------------------------
     0 | D:1      | Curus the Minotaur Gladiator began the quest for the Orb.
     0 | D:1      | Reached XP level 1. HP: 18/18 MP: 0/0
    45 | D:1      | Reached skill level 4 in Polearms
    90 | D:1      | Reached XP level 2. HP: 21/25 MP: 1/1
   223 | D:1      | Reached skill level 5 in Polearms
   273 | D:1      | Reached XP level 3. HP: 30/30 MP: 2/2
   531 | D:2      | Reached skill level 6 in Polearms
   531 | D:2      | Reached XP level 4. HP: 37/37 MP: 3/3
   550 | D:2      | Found a faded altar of an unknown god.
   617 | D:2      | Found a hide-covered altar of Uskayaw.
   946 | D:2      | Noticed Sigmund
   959 | D:2      | Killed Sigmund
   959 | D:2      | Reached skill level 8 in Polearms
   959 | D:2      | Reached XP level 5. HP: 25/42 MP: 4/4
  1216 | D:3      | Reached XP level 6. HP: 50/50 MP: 5/5
  1776 | D:4      | Reached skill level 9 in Polearms
  1945 | D:4      | Reached XP level 7. HP: 36/56 MP: 6/6
  2262 | D:4      | Identified the +11 scimitar "Povueceg" {slice, rPois Dex+4}
  2275 | D:4      | Reached skill level 10 in Polearms
  2461 | D:4      | Found Kipen's Assorted Antiques.
  2467 | D:4      | Bought a scroll labeled ANNOVI DAHUDGH for 29 gold pieces
  2467 | D:4      | Bought a bubbling red potion for 26 gold pieces
  2467 | D:4      | Bought a shiny coral ring for 145 gold pieces
  2696 | D:4      | Found a staircase to the Ecumenical Temple.
  2739 | D:5      | Entered Level 5 of the Dungeon
  2809 | D:5      | Found a burning altar of Makhleb.
  2809 | D:5      | Noticed Ijyb
  2831 | D:5      | Killed Ijyb
  2833 | D:5      | Reached skill level 11 in Polearms
  2916 | D:5      | Became a worshipper of Makhleb the Destroyer
  3147 | D:5      | Found a bloodstained altar of Trog.
  3150 | D:5      | Reached XP level 8. HP: 57/62 MP: 5/7
  3153 | D:5      | Found a basalt altar of Yredelemnul.
  3158 | D:5      | Found a glowing silver altar of Zin.
  3168 | D:5      | Found a hazy altar of Hepliaklqana.
  3279 | D:5      | Found a runed translucent door.
  3280 | D:5      | Noticed Crazy Yiuf
  3484 | D:5      | HP: 2/62 [centaur (4)]
  3485 | D:5      | Slain by a centaur

Levels and vault maps discovered:
D:1:      dpeg_arrival_lava_temple_mockup, layout_basic
D:2:      layout_basic, eat_drink_and_be_merry_uskayaw,
          chequers_ecumenical_altar_simple_redux, first_ration,
          minmay_distorted, uniq_sigmund
D:3:      layout_rooms
D:4:      layout_basic, minmay_temple_entry_from_below_a, serial_shops,
          nicolae_shop_overgrown_old_shop
D:5:      kennysheep_windowed_halls, layout_loops_ring, bloody_makhleb,
          grunt_temple_overflow_cloverleaf, serial_glass, glass_columns_a,
          glass_columns_a, glass_columns_b, glass_columns_b, glass_columns_a,
          uniq_ijyb, uniq_crazy_yiuf_cottage

Skill      XL: |  1  2  3  4  5  6  7 |
---------------+----------------------+-----
Polearms       | 4 5 6 8 9 11 | 11.9
Fighting       | |  2.4
Throwing       | |  2.0
Dodging        | |  3.2

Action                   |  1- 3 |  4- 6 |  7- 9 || total
-------------------------+-------+-------+-------++-------
Melee: Trident           |    54 |   168 |   139 ||   361
       Headbutt          |     7 |    13 |    19 ||    39
Evoke: Wand              |       |     1 |       ||     1
  Use: Scroll            |     3 |     3 |     3 ||     9
       Potion            |     1 |     3 |     1 ||     5
 Stab: Distracted        |       |     1 |       ||     1
       Sleeping          |       |       |     2 ||     2
  Eat: Chunk             |       |     3 |     5 ||     8
Armor: Leather armour    |     4 |    29 |    39 ||    72
Dodge: Dodged            |    17 |    92 |    59 ||   168
